 Dungeon Crawl Stone Soup version 0.31-a0-325-g067879e3d3 (webtiles) character file.

Game seed: 13815518828320945931

123 lunkers the Insei (level 5, -4/41 HPs)
             Began as a Meteoran Shapeshifter on July 18, 2023.
             Slain by an orc warrior
             ... wielding a +0 short sword
              (13 damage)
             ... on level 4 of the Dungeon.
             The game lasted 00:02:12 (997 turns).

lunkers the Insei (Meteoran Shapeshifter)            Turns: 997, Time: 00:02:13

Health: -4/41      AC:  2    Str: 16    XL:     5   Next: 54%
Magic:  6/6        EV: 12    Int: 10    God:
Gold:   85         SH:  0    Dex: 16    Spells: 4/4 levels left

rFire   . .          .
                       - Unarmed
rCold   . . .        (no shield)
rNeg    . . .        a - +0 animal skin
rPois   .            (helmet currently unavailable)
rElec   .            (cloak currently unavailable)
rCorr   .            (gloves currently unavailable)
SInv    .            (boots currently unavailable)
Will    .....        (no amulet)
Stlth   +            (no ring)
HPRegen 0.26/turn    (no ring)
MPRegen 0.10/turn

%: no passive effects
@: beast-form, glowing
A: beast (slay +2), sense surroundings 1, otherworldly, glowing, explore regen
a: Begin Untransformation


You were on level 4 of the Dungeon.
You were a hulking beast.
You visited 1 branch of the dungeon, and saw 4 of its levels.

You collected 85 gold pieces.

Inventory:

Armour
 a - a +0 animal skin (worn)
 b - a +1 cloak
Talismans
 c - a beast talisman
Scrolls
 e - a scroll of poison {unknown}
 f - 2 scrolls of identify {unknown}
 g - a scroll of brand weapon {unknown}
 h - a scroll of silence {unknown}
 i - a scroll of teleportation {unknown}
Potions
 d - a potion of heal wounds {unknown}


   Skills:
 - Level 2.1 Fighting
 - Level 2.4 Dodging
 + Level 6.1 Unarmed Combat
 - Level 3.6 Shapeshifting


You had 4 spell levels left.
You didn't know any spells.
Your spell library contained the following spells:

 Spells                   Type           Power      Damage    Failure   Level
 Kiss of Death            Conj/Necr      0%         2d5       36%         1
 Confusing Touch          Hex            0%         N/A       75%         3
 Ignite Poison            Fire/Tmut/Pois 0%         N/A       75%         3
 Dispel Undead            Necr           0%         3d6       98%         4
 Sticky Flame             Conj/Fire      0%         2d3       98%         4
 Ignition                 Fire           0%         3d3       100%        8


Dungeon Overview and Level Annotations

Branches:
Dungeon (3/15) Zot: 1413

Altars:

Shops:
D:1 *


Innate Abilities, Weirdness & Mutations

You are a hulking beast.
Your limbs bulge with bestial killing power. (Slay +2)
You passively map a small area around you.
You are easily found by Zot.
You glow in the dark.
You regain HP and MP as you explore.


Message History

You barely miss the orc. The orc hits you with a +0 club.
Okay, then.
You punch the orc!
You kill the orc!
Okay, then.
You hit the orc warrior but do no damage.
The orc warrior completely misses you.
You barely miss the orc warrior.
The orc warrior hits you with a +0 short sword!
You hit the orc warrior.
The orc warrior is lightly wounded.
The orc warrior hits you with a +0 short sword!
* * * LOW HITPOINT WARNING * * *
You hit the orc warrior but do no damage.
Your punch misses the orc warrior.
The orc warrior is lightly wounded.
The orc warrior closely misses you.
Unknown command.
You completely miss the orc warrior.
The orc warrior is lightly wounded.
The orc warrior closely misses you.
Unknown command.
You hit the orc warrior but do no damage.
The orc warrior is lightly wounded.
The orc warrior hits you with a +0 short sword.
* * * LOW HITPOINT WARNING * * *
You punch the orc warrior!
The orc warrior is heavily wounded.
Unknown command.
You hit the orc warrior.
The orc warrior is severely wounded.
The orc warrior hits you with a +0 short sword!
* * * LOW HITPOINT WARNING * * *
You hit the orc warrior.
The orc warrior is severely wounded.
The orc warrior hits you but does no damage.
You completely miss the orc warrior.
The orc warrior is severely wounded.
The orc warrior hits you with a +0 short sword!
You die...

#.#.... .# o#.8.#
,.# , ...$# ,.# ,
# o8(## .# ,,*
#o#.(.## .# #.,*
..... .#
#..#######.####.#
#...........{oh.#
#...........#####
#############


You could see an orc warrior.

Vanquished Creatures
  Terence (D:2)
  Natasha (D:2)
  2 adders
  A worm (D:3)
  A dart slug (D:3)
  2 orcs (D:4)
  3 ball pythons
  6 endoplasms
  3 giant cockroaches
  3 goblins (D:2)
  2 hobgoblins
  2 jackals (D:1)
  3 quokkas
  5 bats
  6 frilled lizards
  4 kobolds
  4 rats
49 creatures vanquished.

Notes
Turn   | Place    | Note
-------+----------+-------------------------------------------
     0 | D:1      | lunkers the Meteoran Shapeshifter began the quest for the
                  | Orb.
     0 | D:1      | Reached XP level 1. HP: 17/17 MP: 2/2
    62 | D:1      | Reached skill level 3 in Unarmed Combat
    62 | D:1      | Reached XP level 2. HP: 21/24 MP: 3/3
   238 | D:1      | Reached XP level 3. HP: 29/29 MP: 4/4
   276 | D:1      | Reached skill level 4 in Unarmed Combat
   283 | D:1      | Found Yteimump's General Store.
   303 | D:2      | Noticed Terence
   315 | D:2      | Killed Terence
   316 | D:2      | Reached skill level 5 in Unarmed Combat
   316 | D:2      | Reached XP level 4. HP: 21/36 MP: 5/5
   532 | D:2      | Noticed Natasha
   542 | D:2      | Killed Natasha
   543 | D:2      | Reached XP level 5. HP: 25/41 MP: 6/6
   841 | D:3      | Reached skill level 6 in Unarmed Combat
   970 | D:3      | You fall into a shaft and drop 1 floor!
   977 | D:4      | Noticed an orc warrior
   997 | D:4      | Slain by an orc warrior

Illustrated notes

Levels and vault maps discovered:
D:1:      spicycebolla_arrival_clurvy, layout_loops_ring, serial_shops,
          nicolae_shop_just_a_little_nook
D:2:      layout_loops_ring, minmay_misc_feat_plants, uniq_natasha,
          uniq_crazy_yiuf_cottage, uniq_terence
D:3:      layout_loops_corners, uniq_ijyb
D:4:      layout_loops_ring, serial_shops, kennysheep_mini_moat,
          guppyfry_early_orc_mine

Skill      XL: |  1  2  3  4  5 |
---------------+----------------+-----
Unarmed Combat | 3 5 6 |  6.1
Fighting       | |  2.1
Dodging        | |  2.4
Shapeshifting  | |  3.6

Action                     |  1- 3 |  4- 6 || total
---------------------------+-------+-------++-------
  Melee: Unarmed           |    62 |    68 ||   130
         Punch             |     1 |     3 ||     4
    Use: Potion            |     1 |       ||     1
 Armour: Animal skin       |    16 |    10 ||    26
         Skin              |     2 |       ||     2
  Dodge: Dodged            |    34 |    26 ||    60

Table legend: (Time is in decaauts)
 A = Elapsed time spent in this place.
 B = Non-inter-level travel time spent in this place.
 C = Inter-level travel time spent in this place.
 D = Time resting spent in this place.
 E = Time spent auto-exploring this place.
 F = Levels seen in this place.
 G = Mean time per level.
                   A        B        C        D        E       F      G
               +--------+--------+--------+--------+--------+-----+--------+
         Total |    986 |    942 |     44 |     32 |    578 |   4 |  246.5 |
       Dungeon |    986 |    942 |     44 |     32 |    578 |   4 |  246.5 |
               +--------+--------+--------+--------+--------+-----+--------+

Top non-repeatable levels by time:
     D:2: 348 daAuts
     D:3: 323 daAuts
     D:1: 289 daAuts
     D:4: 25 daAuts
